 Dungeon Crawl Stone Soup version 0.19.0-11-g3fc08b3 (webtiles) character file.

92740 JeffiDaFish the Blocker (level 16, -8/105 HPs)
             Began as a Gargoyle Fighter on Nov 9, 2016.
             Was the Champion of Makhleb.
             Mangled by a large slime creature (illusionary) (20 damage)
             ... on level 15 of the Dungeon.
             The game lasted 01:15:52 (20484 turns).

JeffiDaFish the Blocker (Gargoyle Fighter)         Turns: 20484, Time: 01:15:53

Health: -8/105     AC: 46    Str: 28    XL:     16   Next: 6%
Magic:  26/27      EV:  9    Int: 10    God:    Makhleb [******]
Gold:   1487       SH:  0    Dex: 12    Spells: 2 memorised, 21 levels left

rFire  . . .     SeeInvis .     C - +2 great mace (venom)
rCold  . . .     Gourm    .     e - +9 plate armour of Jigsaw {rPois MR+}
rNeg   + + .     Faith    .     (shield currently unavailable)
rPois  ∞         Spirit   .     m - +2 helmet
rElec  +         Reflect  .     o - +0 cloak of Diewav {rN+}
rCorr  .         Harm     .     (no gloves)
MR     ++...                    (no boots)
Stlth  ..........               h - amulet of rage
                                l - +5 ring of strength
                                I - +5 ring of protection

@: about to teleport
A: big wings, negative energy resistance 1, electricity resistance, unbreathing,
petrification resistance, rot immunity, MP-powered wands, AC +11
a: Fly, Minor Destruction, Lesser Servant of Makhleb, Major Destruction, Greater
Servant of Makhleb, Renounce Religion, Evoke Berserk Rage


You were on level 15 of the Dungeon.
You worshipped Makhleb.
Makhleb was exalted by your worship.
You were very hungry.

You visited 3 branches of the dungeon, and saw 22 of its levels.
You also visited: Ossuary.

You collected 1487 gold pieces.

Inventory:

Hand Weapons
 C - a +2 great mace of venom (weapon)
Armour
 c - a +4 shield
 e - the +9 plate armour of Jigsaw (worn) {rPois MR+}
   (You found it on level 5 of the Dungeon)

   It protects you from poison.
   It affects your resistance to hostile enchantments.
 m - a +2 helmet (worn)
 o - the +0 cloak of Diewav (worn) {rN+}
   (You acquired it on level 5 of the Dungeon)

   It protects you from negative energy.
Jewellery
 g - an uncursed ring of see invisible
 h - an amulet of rage (around neck)
 l - a +5 ring of strength (right hand)
 I - a +5 ring of protection (left hand)
Wands
 j - a wand of paralysis (6/24)
 w - a wand of heal wounds (0/9)
 x - a wand of teleportation (2/9)
Scrolls
 d - a scroll of enchant armour
 k - 10 scrolls of identify
 q - 4 scrolls of fog
 s - 12 scrolls of remove curse
 t - 7 scrolls of teleportation
 z - 2 scrolls of blinking
 B - a scroll of silence
 D - 3 scrolls of summoning
 N - a scroll of recharging
 O - 2 scrolls of fear
Potions
 b - 3 potions of agility
 p - 9 potions of curing
 r - a potion of heal wounds
 u - a potion of cancellation
 v - a potion of magic
 G - a potion of haste
 S - a potion of might
Books
 a - a book of Cantrips

   Spells                             Type                      Level
   a - Confusing Touch                Hexes                        1
   b - Animate Skeleton               Necromancy                   1
   c - Summon Small Mammal            Summoning                    1
   d - Apportation                    Translocation                1
 y - a book of Flames

   Spells                             Type                      Level
   a - Flame Tongue                   Conjuration/Fire             1
   b - Throw Flame                    Conjuration/Fire             2
   c - Conjure Flame                  Conjuration/Fire             3
   d - Inner Flame                    Hexes/Fire                   3
   e - Sticky Flame                   Conjuration/Fire             4
   f - Fireball                       Conjuration/Fire             5
 A - a book of Dreams

   Spells                             Type                      Level
   a - Ensorcelled Hibernation        Hexes/Ice                    2
   b - Silence                        Hexes/Air                    5
   c - Darkness                       Hexes                        6
   d - Shadow Creatures               Summoning                    6
Miscellaneous
 P - a phial of floods
Comestibles
 f - 21 bread rations
 i - 4 slices of pizza
 n - 14 meat rations
 E - 16 fruits
 J - a royal jelly
 K - a beef jerky


   Skills:
 * Level 13.7 Fighting
 * Level 13.7 Maces & Flails
 * Level 13.1 Armour
 - Level 2.3 Dodging
 - Level 1.0 Stealth
 * Level 14.3 Shields
 + Level 7.5 Spellcasting
   Level 7.2 Summonings
 * Level 2.8 Fire Magic


You had 21 spell levels left.
You knew the following spells:

 Your Spells              Type           Power        Failure   Level  Hunger
a - Fireball              Conj/Fire      #.........   100%        5    ######.
b - Sticky Flame          Conj/Fire      #.......     100%        4    ####...


Dungeon Overview and Level Annotations

Branches:
Dungeon (15/15)            Temple (1/1) D:6            Lair (6/6) D:11
 Shoals (0/4) Lair:4        Snake (0/4) Lair:2        Slime (0/5) Lair:6
    Orc (0/2) D:12         Vaults (0/5) D:14
 Depths: D:15

Altars:
Ashenzari
Cheibriados
Dithmenos
Elyvilon
Fedhas
Makhleb
Qazlal
Ru
Sif Muna
Trog
Uskayaw
Xom
Yredelemnul
Zin
The Shining One
Beogh


Innate Abilities, Weirdness & Mutations

You are resistant to torment.
Your stone body is resilient. (AC +11)
You are immune to poison.
Your large and strong wings let you fly indefinitely.
You resist negative energy. (rN+)
You are resistant to electric shocks. (rElec)
You can survive without breathing.
You are immune to petrification.
You are immune to rotting.
You expend magic power (3 MP) to strengthen your wands.


Message History

Two slime creatures merge to form a large slime creature.
The rakshasa hits you but does no damage.
The large slime creature hits you but does no damage.
You sock the rakshasa!
The rakshasa is poisoned.
The rakshasa is severely wounded.
The injured rakshasa weaves a defensive illusion!
The rakshasa hits you with a trident!
* * * LOW HITPOINT WARNING * * *
The rakshasa hits you but does no damage.
The large slime creature hits you but does no damage.
The rakshasa hits you with a trident!
* * * LOW HITPOINT WARNING * * *
The rakshasa blinks!
The rakshasa hits you but does no damage.
As you read the scroll of teleportation, it crumbles to dust.
You feel strangely unstable.
A slime creature suddenly becomes an enormous slime creature.
The rakshasa hits you but does no damage.
The rakshasa misses you. The large slime creature hits you!!
You die...

..##...'.........# #...........
..##..##'####'#..# ##...######<
..#...##..###.#### ###########
..#...#....#...# #.....
..#...#....#...# ###...
'###..######.##### # ###.
..##..######.###.##.#.# ##.
..#...........RR......# #..
..#..........R..@..# ## #..
##########.####J####..## ###
..###..###.####J###J...## ##.
............'.J.J'J.R.... #..
............#..JJ##....#. #..
...##..##...#.....##..## #..
...##..##+###......# ##. #..
.......##..##...##+## #.########.
...........##...##..###...##..###


You could see 3 rakshasas, an enormous slime creature, a large slime creature
and 2 slime creatures.

Vanquished Creatures
  A war gargoyle (D:13)
  The ghost of Almightybob the Fighter, a journeyman GrCK of Xom (D:12)
  2 dire elephants
  A catoblepas (Lair:6)
  10 hydras
  2 vault guards (D:14)
  A rakshasa (D:15)
  2 centaur warriors
  A deep troll shaman (Lair:6)
  17 death yaks
  Urug (D:13)
  A fire crab (shapeshifter) (D:13)
  4 skeletal warriors (D:13)
  2 unseen horrors
  4 hill giants
  2 orc knights (D:12)
  5 necromancers (D:14)
  2 manticores (D:14)
  4 ugly things
  4 cyclopes
  Maurice (D:9)
  23 elephants
  2 black mambas (Lair:6)
  10 gargoyles
  12 spiny frogs
  3 centaur skeletons
  2 rime drakes (Lair:3)
  7 komodo dragons
  2 efreet
  A freezing wraith (D:14)
  6 trolls
  A harpy skeleton (D:15)
  A hornet (D:15)
  A raiju (shapeshifter) (D:14)
  8 slime creatures
  13 blink frogs
  2 hippogriffs (shapeshifter) (D:15)
  4 hippogriffs
  7 dream sheep (Lair:5)
  3 shadows
  A yak (shapeshifter) (D:15)
  2 spriggans
  39 yaks
  The ghost of TheOneDM the Sneak, an amateur FeMo (Ossuary)
  A wyvern (Lair:4)
  4 basilisks
  17 humans (D:14)
  A golden eye (Lair:6)
  A hungry ghost (D:13)
  8 vampire mosquitoes
  2 hell hounds (D:11)
  15 water moccasins
  8 porcupines
  19 orc warriors
  3 sky beasts
  2 phantoms
  4 black bears
  3 ice beasts
  29 wolves
  7 ogres
  15 centaurs
  8 crocodiles
  3 big kobolds
  24 bullfrogs
  A wyvern skeleton (D:12)
  6 scorpions
  11 killer bees
  The ghost of mo0cat the Cudgeler, a weakling MiBe of Trog (D:3)
  8 wights (D:9)
  6 howler monkeys
  An electric eel (Lair:2)
  4 bullfrog zombies
  8 crimson imps
  A quasit (D:12)
  3 centaur zombies
  9 orc priests
  5 jellies
  14 orc wizards
  8 hounds
  A bullfrog skeleton (D:11)
  Jessica (D:2)
  3 iguanas
  13 worker ants
  3 hound zombies (Ossuary)
  13 mummies (Ossuary)
  6 worker ant zombies (Ossuary)
  2 howler monkey zombies
  18 adders
  3 shadow imps
  An ooze (D:7)
  3 adder zombies
  2 worms
  2 dart slugs (D:1)
  4 leopard geckos
  80 orcs
  2 ball pythons
  3 giant cockroaches
  6 hobgoblins
  4 quokkas
  11 bats
  4 frilled lizards
  5 goblins
  18 kobolds
  2 leopard gecko skeletons
  2 leopard gecko zombies
  A quokka skeleton (D:4)
  10 rats
  3 fungi (Lair:3)
  8 plants
713 creatures vanquished.

Vanquished Creatures (others)
  An unseen horror (D:15)
  An orc (D:13)
  31 fungi
  6 plants
  A withered plant (Ossuary)
40 creatures vanquished.

Grand Total: 753 creatures vanquished

Notes
Turn   | Place    | Note
-------+----------+-------------------------------------------
     0 | D:1      | JeffiDaFish the Gargoyle Fighter began the quest for the Orb.
     0 | D:1      | Reached XP level 1. HP: 14/14 MP: 1/1
   359 | D:1      | Reached XP level 2. HP: 19/19 MP: 2/2
   454 | D:1      | Found a shattered altar of Ashenzari.
  1109 | D:2      | Found a faded altar of an unknown god.
  1138 | D:2      | Reached XP level 3. HP: 23/24 MP: 3/3
  1373 | D:2      | Noticed Jessica
  1378 | D:2      | Killed Jessica
  1378 | D:2      | Reached XP level 4. HP: 16/29 MP: 4/4
  2105 | D:3      | Reached XP level 5. HP: 27/33 MP: 5/5
  2262 | D:3      | Reached skill level 4 in Shields
  2376 | D:3      | Noticed mo0cat's ghost (weakling MiBe)
  2389 | D:3      | Killed mo0cat's ghost
  2423 | D:3      | Found a shattered altar of Ashenzari.
  2423 | D:3      | Found a deep blue altar of Sif Muna.
  2746 | D:4      | Noticed an ogre
  2752 | D:4      | Killed an ogre
  2752 | D:4      | Reached XP level 6. HP: 21/39 MP: 6/6
  2867 | D:4      | Reached skill level 1 in Dodging
  3144 | D:4      | Noticed a phantom
  3160 | D:4      | Killed a phantom
  3160 | D:4      | Reached skill level 5 in Maces & Flails
  3160 | D:4      | Reached XP level 7. HP: 29/44 MP: 7/7
  3566 | D:4      | Reached skill level 5 in Shields
  3743 | D:4      | Reached skill level 5 in Fighting
  3743 | D:4      | Reached XP level 8. HP: 48/49 MP: 8/8
  3850 | D:5      | Entered Level 5 of the Dungeon
  3936 | D:5      | Identified a scroll of acquirement
  3937 | D:5      | Got a pitted cloak
  3950 | D:5      | Identified the +0 cloak of Diewav {rN+} (You acquired it on level 5 of the Dungeon)
  3987 | D:5      | Reached skill level 6 in Shields
  4177 | D:5      | Found a sand-covered staircase.
  4181 | Ossuary  | Entered an ossuary
  4440 | Ossuary  | Noticed TheOneDM's ghost (amateur FeMo)
  4468 | Ossuary  | Killed TheOneDM's ghost
  4521 | Ossuary  | Reached XP level 9. HP: 18/54 MP: 9/9
  4728 | Ossuary  | Reached skill level 5 in Armour
  4736 | Ossuary  | Reached skill level 1 in Stealth
  4793 | Ossuary  | Reached skill level 7 in Shields
  5142 | D:5      | Got a dazzling plate armour
  5156 | D:5      | Identified the +9 plate armour of Jigsaw {rPois MR+} (You found it on level 5 of the Dungeon)
  5219 | D:6      | Found a glowing golden altar of the Shining One.
  5307 | D:6      | Found a staircase to the Ecumenical Temple.
  5343 | Temple   | Entered the Ecumenical Temple
  5431 | Temple   | Became a worshipper of Makhleb the Destroyer
  6085 | D:7      | Gained mutation: Your large and strong wings let you fly indefinitely. [potion of mutation]
  6085 | D:7      | Gained mutation: You expend magic power (3 MP) to strengthen your wands. [potion of mutation]
  6223 | D:7      | Reached * piety under Makhleb
  6366 | D:7      | Reached skill level 8 in Shields
  6622 | D:7      | Learned a level 6 spell: Shadow Creatures
  6686 | D:7      | Found a bloodstained altar of Trog.
  6892 | D:8      | Reached XP level 10. HP: 61/61 MP: 9/11
  6977 | D:8      | Reached skill level 1 in Spellcasting
  7190 | D:8      | Found a shimmering altar of Xom.
  7306 | D:8      | Reached skill level 1 in Summonings
  7808 | D:9      | Noticed Maurice
  7836 | D:9      | Killed Maurice
  7838 | D:9      | Reached ** piety under Makhleb
  8121 | D:9      | Reached skill level 9 in Shields
  8270 | D:9      | Found a white marble altar of Elyvilon.
  8835 | D:10     | Entered Level 10 of the Dungeon
  8912 | D:10     | Reached *** piety under Makhleb
  8921 | D:10     | Noticed a hill giant
  8931 | D:10     | Killed a hill giant
  8931 | D:10     | Reached XP level 11. HP: 65/68 MP: 13/15
  8951 | D:10     | Noticed a hill giant
  8960 | D:10     | Killed a hill giant
  9214 | D:10     | Reached skill level 10 in Maces & Flails
  9502 | D:11     | Found a staircase to the Lair.
 10245 | Lair:1   | Entered Level 1 of the Lair of Beasts
 10536 | Lair:1   | Noticed a four-headed hydra
 10545 | Lair:1   | Killed a four-headed hydra
 10698 | Lair:1   | Noticed a seven-headed hydra
 10728 | Lair:1   | Reached skill level 10 in Shields
 10734 | Lair:1   | Killed a seven-headed hydra
 10736 | Lair:1   | Reached **** piety under Makhleb
 11409 | Lair:2   | Found a staircase to the Snake Pit.
 11483 | Lair:2   | Reached XP level 12. HP: 66/76 MP: 16/18
 12214 | Lair:3   | Reached skill level 10 in Fighting
 12228 | Lair:3   | Reached skill level 11 in Shields
 12263 | Lair:3   | Noticed a dire elephant
 12279 | Lair:3   | Killed a dire elephant
 12287 | Lair:3   | Reached ***** piety under Makhleb
 12652 | Lair:3   | Reached skill level 5 in Summonings
 12885 | Lair:3   | Reached XP level 13. HP: 83/83 MP: 20/20
 12983 | Lair:3   | Reached skill level 10 in Armour
 12983 | Lair:3   | Reached skill level 5 in Spellcasting
 13098 | Lair:4   | Found a staircase to the Shoals.
 13824 | Lair:4   | Reached skill level 12 in Shields
 15173 | Lair:6   | Entered Level 6 of the Lair of Beasts
 15411 | Lair:6   | Mutation became permanent: Your large and strong wings let you fly indefinitely. [Gargoyle growth]
 15411 | Lair:6   | Reached XP level 14. HP: 91/91 MP: 21/23
 15591 | Lair:6   | Reached ****** piety under Makhleb
 16101 | Lair:6   | Reached skill level 13 in Shields
 16233 | Lair:6   | Noticed a dire elephant
 16245 | Lair:6   | Killed a dire elephant
 16305 | Lair:6   | Got a steaming sapphire amulet
 16307 | Lair:6   | Identified the amulet "Degecrol" {Harm *Drain Fragile +Fly rN+ Int+4} (You found it on level 6 of the Lair of Beasts)
 16418 | Lair:6   | Found a staircase to the Slime Pits.
 17007 | D:12     | Noticed Almightybob's ghost (journeyman GrCK)
 17037 | D:12     | Killed Almightybob's ghost
 17081 | D:12     | Reached XP level 15. HP: 77/97 MP: 25/25
 17247 | D:12     | You fall through a shaft!
 17257 | D:13     | Found a roughly hewn altar of Beogh.
 17482 | D:13     | Found a shattered altar of Ashenzari.
 17486 | D:13     | Noticed Urug
 17499 | D:13     | Killed Urug
 18381 | D:12     | Found a roughly hewn altar of Beogh.
 18381 | D:12     | Found a staircase to the Orcish Mines.
 18928 | D:14     | Reached skill level 14 in Shields
 19111 | D:14     | Learned a level 4 spell: Sticky Flame
 19118 | D:14     | Learned a level 5 spell: Fireball
 19449 | D:14     | Reached skill level 1 in Fire Magic
 19829 | D:14     | Found a gate to the Vaults.
 19942 | D:15     | Entered Level 15 of the Dungeon
 20082 | D:15     | Reached XP level 16. HP: 105/105 MP: 27/27
 20484 | D:15     | Mangled by a large slime creature (illusionary)

Skill      XL: |  1  2  3  4  5  6  7  8  9 10 11 12 13 14 15 |
---------------+----------------------------------------------+-----
Fighting       | 4 5 6 8 9 10 11 12 13 | 13.7
Maces & Flails | 3 4 5 6 7 9 10 11 12 13 | 13.7
Shields        | 4 5 6 8 9 10 11 12 13 14 | 14.3
Armour         | 4 5 7 8 9 11 12 13 | 13.1
Dodging        | 1 2 |  2.3
Stealth        | 1 |  1.0
Spellcasting   | 2 4 6 7 |  7.5
Summonings     | 2 4 5 6 7 |  7.2
Fire Magic     | 2 |  2.8

Action                   |  1- 3 |  4- 6 |  7- 9 | 10-12 | 13-15 | 16-18 || total
-------------------------+-------+-------+-------+-------+-------+-------++-------
Melee: Flail             |   105 |   150 |   652 |       |       |       ||   907
       Mace              |       |       |    29 |   573 |       |       ||   602
       Great mace        |       |       |       |   294 |  1468 |    75 ||  1837
 Abil: Evoke Berserk Rag |       |       |       |     2 |       |       ||     2
Evoke: Wand              |       |       |       |       |     2 |     1 ||     3
  Use: Scroll            |     4 |     3 |    13 |     9 |     7 |     1 ||    37
       Potion            |     3 |     5 |     6 |       |     7 |       ||    21
 Stab: Held in net/web   |       |       |     1 |       |       |       ||     1
       Petrified         |       |       |       |       |    13 |       ||    13
       Petrifying        |       |       |       |       |     1 |       ||     1
       Invisible         |       |       |       |       |     7 |       ||     7
  Eat: Chunk             |     2 |     1 |     7 |    22 |    26 |       ||    58
       Bread ration      |       |     1 |       |       |       |       ||     1
       Meat ration       |       |       |     1 |       |       |       ||     1
       Beef jerky        |       |       |     1 |       |       |       ||     1
       Fruit             |       |       |       |     1 |     2 |       ||     3
Armor: Scale mail        |    58 |    79 |   148 |       |       |       ||   285
       Plate armour      |       |       |   196 |   764 |  1936 |    91 ||  2987
Dodge: Dodged            |    36 |    40 |   185 |   306 |   910 |    27 ||  1504
Block: Shield            |    63 |    88 |   459 |   494 |       |       ||  1104
